TOP OF THE 1ST |
---|
Red Deer Wranglers batting - Pitching for Riverside Red Bulls : RHP Bret Oliver | Pitching: RHP Bret Oliver | | Batting: RHB Julián García | 0-0: Called Strike 0-1: Swinging Strike 0-2: Ball 1-2: Strikes out swinging | Batting: RHB Ben Fisher | 0-0: Called Strike 0-1: Ball 1-1: Called Strike 1-2: Foul Ball, location: 2F 1-2: Ball 2-2: SOLO HOME RUN (Flyball, 89XD), Distance : 414 ft | Batting: LHB Edgar López | 0-0: Called Strike 0-1: Swinging Strike 0-2: Ball 1-2: SINGLE (Line Drive, 4MD) | Batting: LHB Jorge Olvera | 0-0: Called Strike 0-1: Foul Ball, location: 2F 0-2: Ball 1-2: Ball 2-2: Ball 3-2: Foul Ball, location: 2F 3-2: Fly out, F6 (Popup, 6) | Batting: RHB Pedro Cabrera | 0-0: Called Strike 0-1: Swinging Strike 0-2: SINGLE (Groundball, 4D) Edgar López to second Runner from 2nd tries for 3rd, SAFE, no throw | Batting: RHB Ricardo González | 0-0: Ball 1-0: Foul Ball, location: 2F 1-1: Ball 2-1: Called Strike 2-2: Foul Ball, location: 2F 2-2: Strikes out swinging | Top of the 1st over - 1 run, 3 hits, 0 errors, 2 left on base; Red Deer 1 - Riverside 0 | BOTTOM OF THE 1ST |
---|
Riverside Red Bulls batting - Pitching for Red Deer Wranglers : RHP José Fernández | Pitching: RHP José Fernández | | Batting: RHB Donovan James | 0-0: Ball 1-0: Ball 2-0: Ball 3-0: Called Strike 3-1: Base on Balls | Batting: SHB Ángel Estrada | 0-0: Ball 1-0: Called Strike Donovan James is caught stealing 2nd base 1-1: Called Strike 1-2: Ball 2-2: Strikes out swinging | Batting: RHB Patrick Daniels | 0-0: Called Strike 0-1: Foul Ball, location: 2F 0-2: Ball 1-2: Strikes out swinging | Bottom of the 1st over - 0 runs, 0 hits, 0 errors, 0 left on base; Red Deer 1 - Riverside 0 | TOP OF THE 2ND |
---|
Red Deer Wranglers batting - Pitching for Riverside Red Bulls : RHP Bret Oliver | Batting: RHB Steve Burton | 0-0: Ball 1-0: Called Strike 1-1: Called Strike 1-2: Ball 2-2: Foul Ball, location: 2F 2-2: Fly out, F9 (Flyball, 9S) | Batting: RHB Ismael Ortíz | 0-0: Ball 1-0: Foul Ball, location: 2F 1-1: Swinging Strike 1-2: Foul Ball, location: 2F 1-2: Ball 2-2: Strikes out looking | Batting: LHB Héctor Santos | 0-0: Ground out 5-3 (Groundball, 5) | Top of the 2nd over - 0 runs, 0 hits, 0 errors, 0 left on base; Red Deer 1 - Riverside 0 | BOTTOM OF THE 2ND |
---|
Riverside Red Bulls batting - Pitching for Red Deer Wranglers : RHP José Fernández | Batting: RHB Zack Flint | 0-0: Called Strike 0-1: SINGLE (Line Drive, 3S) | Batting: RHB Bobby Miller | 0-0: Foul Ball, location: 2F 0-1: Called Strike 0-2: Strikes out swinging | Batting: RHB Luis Bustamante | 0-0: Ball 1-0: Foul Ball, location: 2F 1-1: Swinging Strike 1-2: Reached on error, E3 (Groundball, 34S) Zack Flint to second | Batting: LHB Miguel Gálvez | 0-0: Called Strike 0-1: Fly out, F6 (Popup, 4MS) | Batting: RHB Pete Woods | 0-0: Ball 1-0: Ball 2-0: Called Strike 2-1: Ball 3-1: Base on Balls Zack Flint to third Luis Bustamante to second | Batting: RHB Gilberto Tovar | 0-0: Ball 1-0: Swinging Strike 1-1: Foul Ball, location: 2F 1-2: Strikes out swinging | Bottom of the 2nd over - 0 runs, 1 hit, 1 error, 3 left on base; Red Deer 1 - Riverside 0 | TOP OF THE 3RD |
---|
Red Deer Wranglers batting - Pitching for Riverside Red Bulls : RHP Bret Oliver | Batting: RHB Julián García | 0-0: Ball 1-0: Ball 2-0: Foul Ball, location: 2F 2-1: Foul Ball, location: 2F 2-2: Ground out 6-3 (Groundball, 6) | Batting: RHB Ben Fisher | 0-0: Swinging Strike 0-1: Foul Ball, location: 2F 0-2: Foul Ball, location: 2F 0-2: Ball 1-2: Ball 2-2: Strikes out swinging | Batting: LHB Edgar López | 0-0: Foul Ball, location: 2F 0-1: Foul Ball, location: 2F 0-2: Ball 1-2: Ground out U3 (Groundball, 34) | Top of the 3rd over - 0 runs, 0 hits, 0 errors, 0 left on base; Red Deer 1 - Riverside 0 | BOTTOM OF THE 3RD |
---|
Riverside Red Bulls batting - Pitching for Red Deer Wranglers : RHP José Fernández | Batting: RHB Donovan James | 0-0: Ball 1-0: Ground out 5-3 (Groundball, 5) | Batting: SHB Ángel Estrada | 0-0: Called Strike 0-1: Ball 1-1: Ball 2-1: Foul Ball, location: 2F 2-2: Ball 3-2: Foul Ball, location: 2F 3-2: Foul Ball, location: 2F 3-2: Ground out 4-3 (Groundball, 4) | Batting: RHB Patrick Daniels | 0-0: Ball 1-0: SINGLE (Line Drive, 7S) | Batting: RHB Zack Flint | 0-0: Ball 1-0: Swinging Strike 1-1: Foul Ball, location: 2F 1-2: Foul Ball, location: 2F 1-2: Foul Ball, location: 2F 1-2: Strikes out swinging | Bottom of the 3rd over - 0 runs, 1 hit, 0 errors, 1 left on base; Red Deer 1 - Riverside 0 | TOP OF THE 4TH |
---|
Red Deer Wranglers batting - Pitching for Riverside Red Bulls : RHP Bret Oliver | Batting: LHB Jorge Olvera | 0-0: Ball 1-0: Fly out, F7 (Flyball, 7LS) | Batting: RHB Pedro Cabrera | 0-0: Called Strike 0-1: Called Strike 0-2: Ball 1-2: Ball 2-2: Strikes out swinging, 2-3 out at first. | Batting: RHB Ricardo González | 0-0: Foul Ball, location: 2F 0-1: Ball 1-1: SINGLE (Line Drive, 34D) | Batting: RHB Steve Burton | 0-0: DOUBLE (Flyball, 8RXD) Ricardo González to third Runner from 3rd tries for Home, SAFE, no throw | Batting: RHB Ismael Ortíz | 0-0: Swinging Strike 0-1: Ball 1-1: Foul Ball, location: 2F 1-2: Foul Ball, location: 2F 1-2: Ball 2-2: Strikes out swinging | Top of the 4th over - 1 run, 2 hits, 0 errors, 1 left on base; Red Deer 2 - Riverside 0 | BOTTOM OF THE 4TH |
---|
Riverside Red Bulls batting - Pitching for Red Deer Wranglers : RHP José Fernández | Batting: RHB Bobby Miller | 0-0: Foul Ball, location: 2F 0-1: Ball 1-1: Called Strike 1-2: Ball 2-2: Ball 3-2: Strikes out swinging | Batting: RHB Luis Bustamante | 0-0: Ball 1-0: Ball 2-0: Called Strike 2-1: Foul Ball, location: 2F 2-2: Foul Ball, location: 2F 2-2: Strikes out swinging | Batting: LHB Miguel Gálvez | 0-0: Ball 1-0: Foul Ball, location: 2F 1-1: Ground out 4-3 (Groundball, 4) | Bottom of the 4th over - 0 runs, 0 hits, 0 errors, 0 left on base; Red Deer 2 - Riverside 0 | TOP OF THE 5TH |
---|
Red Deer Wranglers batting - Pitching for Riverside Red Bulls : RHP Bret Oliver | Batting: LHB Héctor Santos | 0-0: Ball 1-0: Fly out, F3 (Line Drive, 3) | Batting: RHB Julián García | 0-0: Called Strike 0-1: Ground out 5-3 (Groundball, 56) | Batting: RHB Ben Fisher | 0-0: Ball 1-0: Foul Ball, location: 2F 1-1: Foul Ball, location: 2F 1-2: Strikes out swinging | Top of the 5th over - 0 runs, 0 hits, 0 errors, 0 left on base; Red Deer 2 - Riverside 0 | BOTTOM OF THE 5TH |
---|
Riverside Red Bulls batting - Pitching for Red Deer Wranglers : RHP José Fernández | Pitching: RHP Josh Ewing | | Batting: RHB Pete Woods | 0-0: Ball 1-0: Ground out U3 (Groundball, 23) | Batting: RHB Gilberto Tovar | 0-0: Ball 1-0: SINGLE (Flyball, 9LS) | Batting: RHB Donovan James | 0-0: Ball 1-0: Called Strike 1-1: Fielders Choice at 2nd, 6-4 (Groundball, 6) | Batting: SHB Ángel Estrada | 0-0: Ball 1-0: Swinging Strike 1-1: Called Strike 1-2: Strikes out swinging | Bottom of the 5th over - 0 runs, 1 hit, 0 errors, 1 left on base; Red Deer 2 - Riverside 0 | TOP OF THE 6TH |
---|
Red Deer Wranglers batting - Pitching for Riverside Red Bulls : RHP Bret Oliver | Batting: LHB Edgar López | 0-0: Called Strike 0-1: Swinging Strike 0-2: Ball 1-2: Ball 2-2: Ball 3-2: Foul Ball, location: 2F 3-2: Ground out U3 (Groundball, 3S) | Batting: LHB Jorge Olvera | 0-0: Foul Ball, location: 2F 0-1: Foul Ball, location: 2F 0-2: Ground out 1-3 (Groundball, 13) | Batting: RHB Pedro Cabrera | 0-0: Fly out, F9 (Flyball, 9LS) | Top of the 6th over - 0 runs, 0 hits, 0 errors, 0 left on base; Red Deer 2 - Riverside 0 | BOTTOM OF THE 6TH |
---|
Riverside Red Bulls batting - Pitching for Red Deer Wranglers : RHP Josh Ewing | Batting: RHB Patrick Daniels | 0-0: Ball 1-0: Swinging Strike 1-1: SINGLE (Line Drive, 4M) | Batting: RHB Zack Flint | 0-0: Ball 1-0: Called Strike 1-1: Ball 2-1: Called Strike 2-2: Ground out 5-3 (Groundball, 56S) Patrick Daniels to second | Batting: RHB Bobby Miller | 0-0: Ball 1-0: Ball 2-0: Foul Ball, location: 2F 2-1: Swinging Strike 2-2: Fly out, F7 (Flyball, 78M) | Batting: RHB Luis Bustamante | 0-0: Ground out 6-3 (Groundball, 6) | Bottom of the 6th over - 0 runs, 1 hit, 0 errors, 1 left on base; Red Deer 2 - Riverside 0 | TOP OF THE 7TH |
---|
Red Deer Wranglers batting - Pitching for Riverside Red Bulls : RHP Bret Oliver | Pitching: RHP Juan Herrera | | Batting: RHB Ricardo González | 0-0: Ball 1-0: Ball 2-0: Ball 3-0: Base on Balls | Batting: RHB Steve Burton | 0-0: Ball 1-0: Swinging Strike 1-1: Ball 2-1: Foul Ball, location: 2F 2-2: Ball 3-2: Base on Balls Ricardo González to second | Batting: RHB Ismael Ortíz | 0-0: Called Strike 0-1: Foul Ball, location: 2F 0-2: Ball 1-2: Strikes out swinging | Batting: LHB Héctor Santos | 0-0: Ball 1-0: Called Strike 1-1: Ball 2-1: Fly out, F8 (Flyball, 8LS) | Batting: RHB Julián García | 0-0: Ball 1-0: SINGLE (Line Drive, 7S) Ricardo González to third Steve Burton to second Throwing error, E7 Ricardo González scores Steve Burton to third Julián García to second | Batting: RHB Ben Fisher | 0-0: Called Strike 0-1: Ball 1-1: Foul Ball, location: 2F 1-2: Strikes out looking | Top of the 7th over - 1 run, 1 hit, 1 error, 2 left on base; Red Deer 3 - Riverside 0 | BOTTOM OF THE 7TH |
---|
Riverside Red Bulls batting - Pitching for Red Deer Wranglers : RHP Josh Ewing | Batting: LHB Miguel Gálvez | 0-0: Called Strike 0-1: Swinging Strike 0-2: Ball 1-2: Ball 2-2: Ball 3-2: SINGLE (Line Drive, 89S) | Batting: RHB Pete Woods | 0-0: Called Strike 0-1: Foul Ball, location: 2F 0-2: SINGLE (Groundball, 3S) (infield hit) Miguel Gálvez to second | Batting: RHB Gilberto Tovar | 0-0: Ball 1-0: Swinging Strike 1-1: Called Strike 1-2: Ball 2-2: Ball 3-2: Base on Balls Miguel Gálvez to third Pete Woods to second | Batting: RHB Donovan James | 0-0: Ball 1-0: Ball 2-0: Foul Ball, location: 2F 2-1: Fly out, F5 (Flyball, 5D) | Batting: SHB Ángel Estrada | 0-0: Ball 1-0: Ball 2-0: Foul Ball, location: 2F 2-1: Called Strike 2-2: Foul Ball, location: 2F 2-2: DOUBLE (Flyball, 78D) Miguel Gálvez scores Pete Woods scores Gilberto Tovar to third Runner from 3rd tries for Home, SAFE, no throw | Pitching: RHP Jeffery Lockhart | | Batting: RHB Patrick Daniels | 0-0: Called Strike 0-1: Swinging Strike 0-2: Strikes out swinging | Batting: RHB Zack Flint | 0-0: Ball 1-0: Called Strike 1-1: Swinging Strike 1-2: Foul Ball, location: 2F 1-2: Ball 2-2: Ball 3-2: Base on Balls | Batting: RHB Bobby Miller | 0-0: Swinging Strike 0-1: Ball 1-1: Ball 2-1: TRIPLE (Flyball, 7LD) Ángel Estrada scores Zack Flint scores | Batting: RHB Luis Bustamante | 0-0: Hit by Pitch | Batting: LHB Miguel Gálvez | 0-0: Foul Ball, location: 2F 0-1: Ball 1-1: Foul Ball, location: 2F 1-2: Strikes out swinging | Bottom of the 7th over - 5 runs, 4 hits, 0 errors, 2 left on base; Red Deer 3 - Riverside 5 | TOP OF THE 8TH |
---|
Red Deer Wranglers batting - Pitching for Riverside Red Bulls : RHP Juan Herrera | Batting: LHB Edgar López | 0-0: Called Strike 0-1: Foul Ball, location: 2F 0-2: Ball 1-2: Strikes out swinging | Batting: LHB Jorge Olvera | 0-0: Ball 1-0: Swinging Strike 1-1: Ball 2-1: Ball 3-1: Called Strike 3-2: Base on Balls | Batting: RHB Pedro Cabrera | 0-0: Fly out, F7 (Flyball, 7) | Batting: RHB Ricardo González | 0-0: Ball 1-0: Called Strike 1-1: Ground out U3 (Groundball, 3S) | Top of the 8th over - 0 runs, 0 hits, 0 errors, 1 left on base; Red Deer 3 - Riverside 5 | BOTTOM OF THE 8TH |
---|
Riverside Red Bulls batting - Pitching for Red Deer Wranglers : RHP Jeffery Lockhart | Batting: RHB Pete Woods | 0-0: Ball 1-0: Ball 2-0: Ball 3-0: Base on Balls | Batting: RHB Gilberto Tovar | 0-0: Swinging Strike 0-1: Grounds into double play, 1-6-3 (Groundball, 13) | Batting: RHB Donovan James | 0-0: Fly out, F7 (Flyball, 7LSF) | Bottom of the 8th over - 0 runs, 0 hits, 0 errors, 0 left on base; Red Deer 3 - Riverside 5 | TOP OF THE 9TH |
---|
Red Deer Wranglers batting - Pitching for Riverside Red Bulls : RHP Juan Herrera | Pitching: RHP Ricardo López | | Batting: RHB Steve Burton | 0-0: Fly out, F7 (Line Drive, 78M) | Batting: RHB Ismael Ortíz | 0-0: Ball 1-0: Called Strike 1-1: SINGLE (Groundball, 4MD) | Pinch Runner at 1st Art Cameron: | | Batting: LHB Héctor Santos | 0-0: Ball 1-0: Ball 2-0: Called Strike 2-1: Grounds into double play, 4-6-3 (Groundball, 4) | Top of the 9th over - 0 runs, 1 hit, 0 errors, 0 left on base; Red Deer 3 - Riverside 5 | |